 Dungeon Crawl Stone Soup version 0.31-a0-239-g0a1456f148 (webtiles) character file.

Game seed: 9080823406299322932

35 qw the Shooter (level 3, 0/21 HPs)
             Began as a Gargoyle Hexslinger on July 11, 2023.
             Slain by a goblin
             ... wielding a +0 club
             ... led by Robin
              (4 damage)
             ... on level 2 of the Dungeon.
             The game lasted 00:00:17 (948 turns).

qw the Shooter (Gargoyle Hexslinger)                 Turns: 948, Time: 00:00:18

Health: 0/21       AC:  5    Str: 11    XL:     3   Next: 33%
Magic:  4/4        EV: 12    Int: 13    God:
Gold:   34         SH:  0    Dex: 14    Spells: 3/4 levels left

rFire   . . .        Y - +1 sling
rCold   . . .        (no shield)
rNeg    + + .        c - +0 robe
rPois   inf          (no helmet)
rElec   +            (no cloak)
rCorr   .            (no gloves)
SInv    .            (no boots)
Will    .....        (no amulet)
Stlth   +            j - ring of positive energy
HPRegen 0.23/turn    (no ring)
MPRegen 0.09/turn

%: clarity
@: no status effects
A: sickness immunity, AC +3, negative energy resistance 1, electricity
resistance, torment resistance 1, petrification resistance, clarity
a: no special abilities


You were on level 2 of the Dungeon.
You visited 1 branch of the dungeon, and saw 2 of its levels.

You collected 34 gold pieces.


Innate Abilities, Weirdness & Mutations

You are immune to sickness and miasma.
Your stone body is resilient. (AC +3)
You are immune to poison.
You resist negative energy. (rN+)
You are resistant to electric shocks. (rElec)
You are resistant to unholy torment.
You are immune to petrification.
You possess an exceptional clarity of mind.


   Skills:
 - Level 2.0 Fighting
 + Level 3.2 Ranged Weapons
 - Level 1.5 Dodging
 - Level 1.0 Spellcasting
 - Level 2.6 Hexes


You had 3 spell levels left.
You knew the following spells:

 Your Spells              Type           Power      Damage    Failure   Level
a - Slow                  Hex            28%        N/A       10%         1

Your spell library contained the following spells:

 Spells                   Type           Power      Damage    Failure   Level
 Inner Flame              Hex/Fire       4%         N/A       43%         3
 Portal Projectile        Hex/Tloc       8%         N/A       43%         3
 Cause Fear               Hex            3%         N/A       67%         4

Inventory:

Hand Weapons
 Y - a +1 sling (weapon)
Armour
 c - a +0 robe (worn)
Jewellery
 a - a +6 ring of intelligence
 j - a ring of positive energy (left hand)
Scrolls
 b - a scroll of brand weapon {unknown}
 g - a scroll of identify
Potions
 e - a potion of curing {unknown}
 i - a potion of haste {unknown}
 l - a potion of degeneration {unknown}

Dungeon Overview and Level Annotations

Branches:
Dungeon (2/15)

Altars:

Annotations:
D:2 Robin


Message History

You kill the goblin!
The goblin barely misses you. The goblin hits you with a +0 club.
Your Fighting skill increases to level 2!
You shoot a sling bullet. The sling bullet hits the rat.
You kill the rat!
You hear a shout!
A hobgoblin comes into view.
The goblin barely misses you. x2
You shoot a sling bullet.
The sling bullet closely misses the goblin.
The goblin no longer looks unusually strong.
A goblin comes into view. It is wielding a +1 dagger of speed.
The goblin hits you but does no damage. x2
Robin roars a battlecry!
The goblin goes into a battle-frenzy!
The goblin hits you but does no damage.
You shoot a sling bullet.
The sling bullet barely misses the goblin.
The hobgoblin no longer looks unusually strong.
The goblin barely misses you. The goblin hits you with a +0 club.
The goblin misses you. The goblin hits you with a +0 club.
The goblin barely misses you. The goblin closely misses you.
You shoot a sling bullet. The sling bullet hits the goblin.
The goblin is severely wounded.
The goblin no longer looks unusually strong.
The hobgoblin no longer looks unusually strong.
The goblin closely misses you. The goblin hits you with a +0 club.
The goblin barely misses you.
You shoot a sling bullet.
The sling bullet closely misses the goblin.
The goblin no longer looks unusually strong. x2
The goblin hits you with a +0 club. x2; The goblin closely misses you.
You shoot a sling bullet. The sling bullet hits the goblin.
You kill the goblin!
The goblin hits you but does no damage. The goblin barely misses you.
You shoot a sling bullet. The sling bullet hits the hobgoblin.
You kill the hobgoblin!
The hobgoblin no longer looks unusually strong.
The goblin hits you with a +0 club.
You die...

##.#'#########.#+.........
#.#.#.......#.##.....#.#
#.#.#.......#.##.....# #
##.#.#.......#.####'###
...#.#.......#.# #.#
####.#.......#.# #.#
#.'.......# ####.# #
###.......# #....# #
#.......# #@#### ##
###.#####.gg)ggg... .#####
#.# ###g####... ......##.#
#g. #####..#.#### #.. #
#......# #.$. # ###.##..#
#... # #.# .# ##... #.# #


You could see Robin, 2 hobgoblins and 4 goblins.

Vanquished Creatures
  An adder (D:2)
  4 bats (D:1)
  2 endoplasms (D:1)
  A giant cockroach (D:2)
  7 goblins (D:2)
  4 hobgoblins (D:2)
  A frilled lizard (D:2)
  2 kobolds (D:1)
  A rat (D:2)
23 creatures vanquished.

Notes
Turn   | Place    | Note
-------+----------+-------------------------------------------
     0 | D:1      | qw the Gargoyle Hexslinger began the quest for the Orb.
     0 | D:1      | Reached XP level 1. HP: 12/12 MP: 2/2
     0 | D:1      | 0 ||| qw: Version: 0.3-a-52-g30416fa
     0 | D:1      | 0 ||| qw: Game counter: 5940
     0 | D:1      | 0 ||| qw: Melee chars always use a shield: true
     0 | D:1      | 0 ||| qw: God list: Okawaru
     0 | D:1      | 0 ||| qw: Allow faded altars: false
     0 | D:1      | 0 ||| qw: Do Orc after clearing Dungeon:15 true
     0 | D:1      | 0 ||| qw: Do second Lair branch before Depths: true
     0 | D:1      | 0 ||| qw: Lair rune preference: random
     0 | D:1      | 0 ||| qw: Goals: Normal
     0 | D:1      | 0 ||| PLANNING D:1-11
   494 | D:1      | Reached XP level 2. HP: 16/16 MP: 3/3
   626 | D:1      | 626 ||| UPGRADING to ring of positive energy.
   627 | D:1      | 627 ||| READING scroll labelled WESEIR RYRAU.
   630 | D:1      | 630 ||| READING 3 scrolls labelled CIQAIH LISHUOXIOS.
   631 | D:1      | 631 ||| READING 2 scrolls labelled LETUYFOYHA.
   632 | D:1      | 632 ||| READING scroll labelled LULOGH VACEUFA.
   633 | D:1      | 633 ||| DRINKING 2 bubbling silvery potions.
   633 | D:1      | Gained mutation: You occasionally lose the ability to drink
                  | potions when taking damage. [potion of mutation]
   634 | D:1      | 634 ||| DRINKING potion of mutation.
   634 | D:1      | Lost mutation: You occasionally lose the ability to drink
                  | potions when taking damage. [potion of mutation]
   634 | D:1      | Gained mutation: You possess an exceptional clarity of
                  | mind. [potion of mutation]
   635 | D:1      | 635 ||| DROPPING scroll of poison.
   636 | D:1      | 636 ||| DROPPING 2 scrolls of noise.
   771 | D:2      | Reached skill level 3 in Ranged Weapons
   865 | D:2      | Reached XP level 3. HP: 20/20 MP: 4/4
   929 | D:2      | Noticed Robin
   946 | D:2      | HP: 5/21 [goblin/+0 club (3)]
   948 | D:2      | Slain by a goblin

Levels and vault maps discovered:
D:1:      lightli_arrival_boilingwater, layout_loops_cross, moated_statue,
          minivault_19, dk_noncrumbling_2, minmay_misc_feat_columns
D:2:      layout_basic, uniq_robin

Skill      XL: |  1  2  3 |
---------------+----------+-----
Ranged Weapons | 3 |  3.2
Fighting       | 2 |  2.0
Dodging        | |  1.5
Spellcasting   | |  1.0
Hexes          | |  2.6

Action                     || total
---------------------------++-------
   Fire: Sling             ||    64
    Use: Scroll            ||     4
         Potion            ||     2
 Armour: Robe              ||    15
  Dodge: Dodged            ||    33

Table legend:
 A = Non-vault XP
 B = Vault XP
 C = Vault XP percentage of total XP
 D = Non-vault monster count
 E = Vault monster count
 F = Vault count percentage of total count
                 A         B        C        D         E       F
            +---------+---------+-------+---------+---------+-------
      Total |      38 |      14 |  26.9 |      16 |       7 |  30.4
            +---------+---------+-------+---------+---------+-------
        D:1 |      12 |       0 |   0.0 |       8 |       0 |   0.0
        D:2 |      26 |      14 |  35.0 |       8 |       7 |  46.7
            +---------+---------+-------+---------+---------+-------
